[Event "E World Cup 2023"]
[Site "Chess.com"]
[Date "2023.08.13"]
[Round "5"]
[White "Praggnanandhaa, R."]
[Black "Berkes, Ferenc"]
[Result "1-0"]
[WhiteElo "2707"]
[BlackElo "2615"]
[ECO "C02"]
[EventDate "2023.??.??"]
[Annotator "rafael"]
[PlyCount "97"]
[Beauty "7080253635659"]
[EventType "team-tourn"]
[EventCountry "FID"]
[TimeControl "40/5400+30:1800+30"]

1.e4 e6 2.d4 d5 3.e5 c5 4.c3 Nc6 5.Nf3 Qb6 6.a3 Bd7 {Berkes had played this line in his World Cup match against Vitiugov.} ( 6...c4 ) ( 6...Nh6 ) 7.b4 cxd4 8.cxd4 Rc8 9.Bb2 {The development of the bishop on e3 is also very popular.} ( 9.Be3 Nh6 10.Bd3 Ng4 11.O-O Be7 12.Nbd2 Nxe3 13.fxe3 O-O 14.Nb3 Nb8 15.Qe2 a6 16.Nc5 Bb5 17.Bxb5 axb5 {with a slight advantage for White in Vitiugov-Berkes, World Cup Baku 2023.} ) 9...Nge7 ( 9...Na5 {is an important alternative that was also played in the World Cup.} 10.Nbd2 Nc4 11.Nxc4 dxc4 12.Rc1 Qa6 13.d5 exd5 14.Qxd5 Ne7 {The game later ended in a draw in Yu-Bacrot, World Cup Baku 2023.} ) 10.Nc3 Na5 11.Bd3 $5 {[%c_effect d3;square;d3;type;Interesting;persistent;true] A new move at the grandmaster level. It certainly was prepared especially for this game.} ( 11.Na4 {was played by Vitiugov:} 11...Qc6 12.Nc5 Nc4 13.Bc1 b6 14.Nxd7 Qxd7 {Black later won in Vitiugov-Berkes, World Cup Baku 2023.} ) 11...Nc4 12.Bc1 a5 {A critical move to challenge White's opening idea.} ( 12...Nxe5 {This is a move no one would dare to play without preparation.} 13.dxe5 Rxc3 14.Be3 {with good compensation for the pawn.} ) ( 12...Ng6 {is an important and maybe better alternative.} 13.Na4 Qa6 ( 13...Qc6 14.Nc5 b6 {allowing White to take on d7 is dangerous since the position is generally difficult to defend.} 15.Nxd7 Qxd7 16.h4 {with the initiative for White.} ) 14.Nc5 Bxc5 15.bxc5 ( 15.dxc5 Qc6 16.Qe2 ( 16.Nd4 Qc7 17.f4 b6 $1 {[%c_effect b6;square;b6;type;GreatFind;persistent;true] Black is in time to fight for counterplay.} ) 16...Qc7 {with a complicated game.} ) 15...b6 16.cxb6 Qa5+ 17.Bd2 Nxd2 18.Qxd2 axb6 19.Qxa5 bxa5 20.Kd2 {with a slightly better endgame for White.} ) 13.O-O $1 axb4 14.Rb1 {I suspect this was still preparation by Praggnanandhaa.} 14...Qa7 ( 14...Ng6 {it's a critical move, but it's necessary to play like a machine.} 15.axb4 Nh4 $1 {[%c_effect h4;square;h4;type;GreatFind;persistent;true] A fantastic idea.} 16.Nxh4 {White has other interesting alternatives, but to analyze them would take us too far. The position is very complicated.} 16...Qxd4 {Black will regain the piece, and apparently his position is playable.} ) 15.axb4 b5 {A good plan: Black prepares to return the queen to b6 and maybe play the knight to c6 later.} 16.h4 $1 {[%c_effect h4;square;h4;type;GreatFind;persistent;true] Useful prophylaxis against ...Ng6 and also a natural move to attack on the kingside.} 16...Qb6 17.Re1 $1 {[%c_effect e1;square;e1;type;GreatFind;persistent;true] I like this move a lot. The idea is to play Re2-a2.} 17...h6 {A defensive move that is necessary sooner or later.} ( 17...Nc6 $2 {[%c_effect c6;square;c6;type;Mistake;persistent;true] is premature:} 18.Bxc4 bxc4 ( 18...dxc4 19.d5 {with a deadly initiative.} ) 19.b5 {with a big advantage.} ) 18.Re2 Bc6 $6 {[%c_effect c6;square;c6;type;Inaccuracy;persistent;true] This is too slow. The problem with Black's position is that it's impossible to defend without going for razor-sharp variations.} ( 18...Ra8 {Challenging the a-file is a natural choice.} 19.Bxc4 dxc4 ( 19...bxc4 20.b5 {is good for White.} ) 20.d5 Nxd5 ( 20...exd5 $2 21.e6 $1 {[%c_effect e6;square;e6;type;GreatFind;persistent;true] leads to a winning attack.} 21...Bxe6 ( 21...fxe6 22.Ne5 ) 22.Nd4 ) 21.Nxd5 exd5 22.e6 $1 Bxe6 23.Bb2 {with a strong initiative.} ) ( 18...Nc6 {This is the best move.} 19.Bxc4 dxc4 $1 20.d5 exd5 21.Nxd5 Qb7 {The computer holds Black's position, although it looks very dangerous for a human game, for instance:} 22.e6 $1 Bxe6 {White has many tempting continuations, but the machine (and maybe only it) defends the position.} 23.Bb2 ( 23.Qc2 ) ( 23.Qe1 ) ) 19.Ra2 {White has a big advantage now.} 19...Bb7 20.Ra5 $1 {[%c_effect a5;square;a5;type;GreatFind;persistent;true] Another great move. The rook cannot be captured. On the board, we have a typical \"French nightmare.\"} 20...Bc6 ( 20...Nxa5 21.bxa5 Qxa5 22.Nxb5 Nc6 23.Nd6+ ( 23.Bf4 {is also good.} ) ( 23.Bd2 Qd8 24.Na7 {with the initiative.} ) 23...Bxd6 24.exd6 Ba8 25.Bf4 O-O 26.Bc2 $1 {[%c_effect c2;square;c2;type;GreatFind;persistent;true] followed by Qd3 with monster compensation for the exchange.} ) 21.Qe2 $6 {[%c_effect e2;square;e2;type;Inaccuracy;persistent;true] This is White's only mistake in the game.} ( 21.Rba1 $1 {[%c_effect a1;square;a1;type;GreatFind;persistent;true] is stronger.} 21...Nxa5 22.bxa5 Qb8 {Now White has many ways to improve the initiative:} 23.Bd2 {with the idea of playing Rb1 next.} ( 23.Nxb5 Bxb5 24.Rb1 Bxd3 25.Rxb8 Rxb8 26.Qxd3 {with the advantage.} ) ( 23.Rb1 b4 24.Na2 {is also strong.} ) ) 21...g6 $6 {[%c_effect g6;square;g6;type;Inaccuracy;persistent;true] This gives White time to correct the mistake on the previous move.} ( 21...Nxa5 {is critical:} 22.bxa5 Qxa5 23.Nxb5 Bxb5 24.Bxb5+ Nc6 {I couldn't break Black's position while analyzing with the machine. It seems White has enough for the exchange but not more.} ) ( 21...Nf5 {also deserves consideration, but this is a more machine-like idea.} 22.Bxf5 Nxa5 $1 23.bxa5 Qxa5 24.Bd2 b4 25.Nd1 exf5 26.e6 {with great complications.} ) 22.Rba1 $1 Nf5 ( 22...Nxa5 23.bxa5 {leads to a decisive initiative for White.} ) 23.Ra6 Qd8 ( 23...Nxd4 24.Qd1 $1 Nxf3+ 25.Qxf3 Qb8 26.Ra7 {Black's position cannot be saved, for instance:} 26...Rc7 27.Nxb5 $1 ) 24.g4 $1 {[%c_effect g4;square;g4;type;GreatFind;persistent;true] Praggnanandhaa said in the post-game interview that this is the critical moment of the game. The cold-hearted computer already evaluates White's position as winning and also offers an alternative:} ( 24.h5 Bxb4 25.Qc2 {The machine, somehow, is very happy with White's position here.} ) 24...Nxh4 25.Nxh4 Qxh4 26.Bxc4 {White is winning by force now.} 26...bxc4 ( 26...dxc4 27.Rxc6 $1 Rxc6 28.Ra8+ Kd7 29.d5 exd5 30.Qf3 {attacking both d5 and f7.} ) 27.Rxc6 Rxc6 28.Ra8+ Kd7 ( 28...Ke7 29.b5 Rc7 30.Ba3+ {wins.} ) 29.Qf3 {The f7-pawn is attacked, and a knight sacrifice on d5 is coming.} 29...f5 30.b5 Rc8 31.Nxd5 $1 Qxg4+ {The most stubborn defense. The alternatives lose immediately.} ( 31...exd5 32.Qxd5+ ) ( 31...Rxa8 32.Nf6+ ) 32.Qxg4 fxg4 33.Nb6+ Kc7 34.Nxc8 Kb7 35.Ra6 Kxc8 36.Rxe6 {After his brilliant previous game, White has achieved an easily winning endgame. Black's pawns are very weak and about to fall.} 36...Kb7 37.Rxg6 c3 38.Rc6 Bb4 39.Bxh6 Rd8 40.Rc4 Ba5 41.e6 Kb6 42.e7 Re8 43.Bg5 Kxb5 44.Rc5+ Kb6 ( 44...Ka4 45.d5 {The pawns decide the game.} ) 45.Rd5 Bb4 ( 45...c2 46.Rc5 $1 ) 46.Rd8 Rxe7 ( 46...Bxe7 {doesn't change anything.} 47.Rxe8 Bxg5 48.Rc8 ) 47.Bxe7 Bxe7 48.Rc8 g3 49.Rxc3 {Another great performance by Praggnanandhaa. He has played the two best games of the World Cup so far.} 1-0

[Event "E World Cup 2023"]
[Site "Chess.com"]
[Date "2023.08.14"]
[Round "5"]
[White "Nepomniachtchi, Ian"]
[Black "Vidit, Santosh Gujrathi"]
[Result "0-1"]
[WhiteElo "2779"]
[BlackElo "2723"]
[ECO "A13"]
[EventDate "2023.??.??"]
[Annotator "rafael"]
[PlyCount "119"]
[Beauty "6395898370098"]
[EventType "team-tourn"]
[EventCountry "FID"]
[TimeControl "40/5400+30:1800+30"]

1.c4 Nf6 2.Nf3 e6 3.g3 d5 4.Bg2 d4 5.O-O Nc6 ( 5...c5 {is the most popular move.} ) 6.d3 Bc5 $5 7.Nbd2 ( 7.Bg5 {gave nothing for White after} 7...h6 8.Bxf6 Qxf6 9.Nbd2 Qd8 {Duda-Carlsen, Warsaw Superbet (blitz) 2023.} ) 7...O-O 8.Nb3 Be7 9.e3 dxe3 10.Bxe3 Ng4 11.Bc5 Bxc5 ( 11...a5 {transposes to Nepomniachtchi-Carlsen, World-ch match 2021 (9). Carlsen won this game when his opponent blundered a bishop.} ) 12.Nxc5 b6 {This position has been discussed in four important recent games that I will mention in the comments.} 13.Nd2 {A new move.} ( 13.Ne4 {was Vidit's choice when playing with White.} 13...Bb7 14.d4 Rb8 $1 15.Re1 Nf6 {with an equal position in Vidit-Keymer, Berlin 2022.} ) ( 13.Nb3 Bb7 14.h3 ( 14.Qe2 a5 15.h3 Nf6 16.Ne5 Qd6 17.Nxc6 Bxc6 18.Bxc6 Qxc6 {Black was fine in Vakhidov-Aditya, Sharjah 2023.} ) 14...Nf6 15.d4 Qc8 16.Qe2 a5 {with chances for both sides in Gelfand-Keymer, Julius Baer GenCup (rapid) 2022.} ) ( 13.Nh4 Nge5 14.d4 Nxd4 15.Nb3 $1 ( 15.Bxa8 bxc5 $13 {/=} ) 15...Nxb3 16.axb3 Rb8 17.Rxa7 Bd7 {with equality in Suleymanli-Nguyen, Sharjah 2023.} ) 13...Nge5 14.Ncb3 Bb7 15.d4 Ng6 {Black's plan is connected with the a5-a4 advance.} 16.Re1 $6 {[%c_effect e1;square;e1;type;Inaccuracy;persistent;true] This doesn't stop the plan, and White ends up worse.} ( 16.Ne4 {is best.} 16...a5 17.d5 $1 exd5 18.cxd5 Nce7 ( 18...Nb4 {is not convincing after} 19.Nc3 a4 20.a3 $1 ) 19.d6 ( 19.Nc3 {also leads to equality:} 19...a4 20.d6 Bxg2 21.dxe7 Qxe7 22.Kxg2 axb3 23.Qxb3 ) 19...Nf5 $1 ( 19...cxd6 $2 20.Nf6+ $1 gxf6 21.Bxb7 {White has a better position since Black's pawn structure is too weak.} ) 20.dxc7 Qxc7 {with a balanced game.} ) 16...a5 $1 17.Nf3 a4 18.Nc1 ( 18.Nbd2 {is also better for Black after} 18...a3 ( 18...Nxd4 {is not enough for an advantage after} 19.Nxd4 Bxg2 20.Nxe6 $1 fxe6 21.Kxg2 ) 19.b3 Nb4 {The a-pawn guarantees an excellent outpost for the knight on b4.} ) 18...a3 19.b3 Qd6 ( 19...Qf6 $1 {[%c_effect f6;square;f6;type;GreatFind;persistent;true] is the best, with the advantage after} 20.Ne5 ( 20.Ne2 Rad8 ) 20...Ngxe5 21.dxe5 Qe7 ) 20.Nd3 $2 {[%c_effect d3;square;d3;type;Mistake;persistent;true] This is a surprising move since it goes for a tactical line that leads to a very dangerous position for White.} ( 20.Ne2 $1 {[%c_effect e2;square;e2;type;GreatFind;persistent;true] is necessary, and White achieves an equal position. The point is} 20...Rad8 21.Nc3 $1 {[%c_effect c3;square;c3;type;GreatFind;persistent;true] The capture on d4 is not dangerous for White.} 21...Nb4 ( 21...Nxd4 $6 22.Nxd4 Bxg2 23.Ncb5 Qc5 24.Kxg2 c6 ( 24...e5 $2 {[%c_effect e5;square;e5;type;Mistake;persistent;true] loses a piece due to some nice tactics:} 25.b4 $1 Qxc4 26.Qe2 $1 ) 25.Qe2 cxb5 26.Nxb5 {White has the advantage since the a3-pawn is now a weakness.} ) 22.Nb5 Qe7 23.Nxa3 Qf6 {Black will soon capture the d4-pawn, and the game is more or less equal.} ) 20...Nxd4 $1 21.Nxd4 Bxg2 22.Nxe6 fxe6 23.Kxg2 Rad8 24.Re3 {The only move to avoid losing immediately.} 24...Ne7 $1 {[%c_effect e7;square;e7;type;GreatFind;persistent;true] A very strong maneuver. The knight heads to d4.} 25.Qg4 $6 {[%c_effect g4;square;g4;type;Inaccuracy;persistent;true] This loses by force, but White's position was very difficult.} ( 25.Qe2 Nf5 26.Rf3 Rfe8 {followed by 27...Nd4 with a big advantage.} ) 25...Nf5 $6 ( 25...Qc6+ $1 {[%c_effect c6;square;c6;type;GreatFind;persistent;true] wins:} 26.Kg1 Nf5 27.Rf3 Rd4 $1 28.Qh5 {All of White's moves are forced.} ( 28.Nf4 e5 ) 28...g6 29.Ne5 {The only chance.} 29...Qd6 30.Nxg6 hxg6 31.Qxg6+ Ng7 32.Rxf8+ Qxf8 {with an easy win for Black.} ) 26.Rf3 Qc6 27.Ne5 Qa8 28.Kg1 Rd4 $2 {[%c_effect d4;square;d4;type;Mistake;persistent;true] After this move, Nepomniachtchi is back in the game.} ( 28...Rd2 $1 {[%c_effect d2;square;d2;type;GreatFind;persistent;true] is stronger, with a clear advantage.} ) 29.Rf4 Rd2 30.Nf3 $1 Rb2 31.Ng5 {Both sides have attacking chances now. The game becomes sharp.} 31...Qc6 32.Re1 Rf6 {Another critical position in the game. White makes a few mistakes in the next moves. There are interesting possibilities here.} 33.Qd1 ( 33.Ne4 {is a straightforward draw after} 33...Rf8 34.Ng5 ) ( 33.Rxf5 $5 {[%c_effect f5;square;f5;type;Interesting;persistent;true] leads to some funny complications:} 33...Rxf5 ( 33...exf5 $2 {[%c_effect f5;square;f5;type;Mistake;persistent;true] loses to} 34.Qh5 ) 34.Nxe6 Qg2+ $5 {[%c_effect g2;square;g2;type;Interesting;persistent;true] This nice move forces a draw by perpetual check.} ( 34...Rf7 35.Rd1 Rd7 {The only move.} 36.Rd5 $1 {[%c_effect d5;square;d5;type;GreatFind;persistent;true] with a chaotic position that ends in a draw according to the machine, for instance:} 36...g6 ( 36...Rxa2 37.Qf5 h6 ( 37...Ra1+ 38.Kg2 Rf7 39.Qe4 {is dangerous for Black.} ) 38.Qf8+ Kh7 39.Qf5+ Kg8 40.Qf8+ {with a perpetual check.} ) 37.Qd4 Rb1+ 38.Kg2 Re1 39.f3 $1 Re2+ 40.Kg1 {and it seems Black has no more than a draw.} ) 35.Kxg2 Rfxf2+ {with a draw.} ) 33...h6 ( 33...Rxa2 $2 {[%c_effect a2;square;a2;type;Mistake;persistent;true] is bad due to} 34.Nxe6 $1 ) 34.Ne4 $6 ( 34.Qd8+ $1 {[%c_effect d8;square;d8;type;GreatFind;persistent;true] White had to go for a queen sacrifice:} 34...Rf8 35.Qxf8+ Kxf8 36.Nxe6+ Kg8 37.Rxf5 Rxa2 38.Rf8+ Kh7 39.Rc8 {Again, a draw is the correct result:} 39...Kg6 40.Nf4+ $1 Kh7 ( 40...Kf7 $2 {[%c_effect f7;square;f7;type;Mistake;persistent;true] loses after} 41.Nd5 Rb2 42.Re7+ Kg6 43.Rg8 {and the king is caught in a mating net.} ) 41.Ne6 ) 34...Rf8 $6 ( 34...Rf7 $1 35.g4 Nd6 36.Rxf7 Nxf7 {This is an improved version for Black of the position seen in the game.} ) 35.g4 Nd6 36.Rxf8+ Kxf8 37.Nxd6 $2 ( 37.Nc3 $1 {[%c_effect c3;square;c3;type;GreatFind;persistent;true] is the right way to play.} 37...Nf7 38.h4 $1 {[%c_effect h4;square;h4;type;GreatFind;persistent;true] Another important move, taking the g5-square away from Black's knight. The position remains double-edged.} ) 37...Qxd6 {The a3-pawn is a monster in the endgame. I don't think White can save the game.} 38.Qf3+ Ke7 39.Qc3 Kf7 40.Qf3+ Ke7 41.Qc3 Kf7 42.Qf3+ Kg8 $1 {[%c_effect g8;square;g8;type;GreatFind;persistent;true] Correctly rejecting the draw.} 43.Rd1 Qf8 $1 {[%c_effect f8;square;f8;type;GreatFind;persistent;true] Vidit had to foresee this strong move. The king turns out to be safe from the attack of White's heavy pieces.} 44.Qe3 Rxa2 45.g5 {Desperately trying to find some counterplay.} ( 45.Qxe6+ Kh8 46.Qe3 Rb2 {The a-pawn decides the game.} ) 45...Qf5 $1 46.Rd8+ Kh7 47.gxh6 Ra1+ 48.Kg2 Qg4+ 49.Qg3 Qxg3+ 50.hxg3 Kxh6 {It's all over after the queen exchange.} 51.Ra8 e5 52.b4 a2 53.c5 b5 54.Kf3 Kg5 55.Ra7 e4+ 56.Kg2 ( 56.Ke2 {loses to a well-known tactical operation:} 56...e3 $1 57.fxe3 ( 57.Kxe3 Re1+ ) 57...Rh1 58.Rxa2 Rh2+ ) 56...Kf6 {White is paralyzed, and the king calmly goes to the queenside.} 57.g4 g5 58.c6 Ke6 59.Kh2 Kd5 60.Ra6 0-1